AoeStats
← DAN13L

Arabia

509556548Analyzed
2v2 RM · 6d ago on Sep 27, 2026· 24m 3s· 4 players
Game mode
Random Map
Map size
Medium (4 player)
Population
200
Speed
Normal
Resources
Standard
Victory
Conquest
Starting age
Dark Age
Ending age
Imperial Age
RankedLock teamsTeams togetherTeam positionsShared explorationLock speedFull tech treeHidden civsTurbo modeCheats
Victory
Defeat
🇲🇽 Maya · Mexico
1024
+16
🇦🇷 Mapuche · Argentina
1024
+16
🇦🇷 Franks · Argentina
1054
-17
🇨🇳 Spanish · China
989
-15
DAN13L
0:32 Loom
9:03 Feudal Age
11:31 Double-Bit Axe
20:19 Castle Age
18:43 Fletching
20:20 Horse Collar
20:32 Gold Mining
22:29 Crossbowman
24:03 Wheelbarrow
23:42 Bow Saw
3ms
5:23 Loom
9:01 Feudal Age
9:34 Double-Bit Axe
10:14 Horse Collar
11:49 Champi Runner
20:58 Castle Age
18:55 Stone Mining
20:41 Forging
23:30 Bow Saw
76561199026418587
6:33 Loom
10:14 Feudal Age
PaaaaatroN
0:27 Loom
11:27 Feudal Age
14:49 Double-Bit Axe
17:20 Wheelbarrow
20:55 Castle Age
19:24 Forging
21:16 Scale Barding Armor
Connection lost

Rejoining the realm…

Still unreachable

The connection could not be restored.

Session expired

The server has moved on; the page needs a fresh start.